 Dungeon Crawl Stone Soup version 0.28-a0-845-gfc338a8e3c (webtiles) character file.

Game seed: 4695587572701963368

13497 ders the Geomancer (level 12, -5/62 HPs)
             Began as a Gargoyle Earth Elementalist on Nov 12, 2021.
             Was a Priest of Vehumet.
             Slain by a large slime creature (27 damage)
             ... on level 11 of the Dungeon.
             The game lasted 00:25:27 (16188 turns).

ders the Geomancer (Gargoyle Earth Elementalist)   Turns: 16188, Time: 00:25:27

Health: -5/62      AC: 16    Str: 12    XL:     12   Next: 6%
Magic:  1/25       EV: 11    Int: 23    God:    Vehumet [***...]
Gold:   181        SH:  3    Dex: 13    Spells: 23/30 levels left

rFire   . . .      SeeInvis .   L - staff of conjuration
rCold   + . .      Faith    +   E - +0 buckler
rNeg    + . .      Spirit   .   x - +2 robe of the Nexus {Int+2 Stlth+ Archmagi}
rPois   ∞          Reflect  .   (no helmet)
rElec   +          Harm     .   n - +1 cloak
rCorr   .          Rampage  .   i - +1 pair of gloves {Dex+3}
Will    .....      Archmagi +   (no boots)
Stlth   ++++......              a - amulet of faith
HPRegen 0.20/turn               z - ring of protection from cold
MPRegen 0.19/turn               (no ring)

@: no status effects
A: sickness immunity, AC +8, negative energy resistance 1, electricity
resistance, torment resistance 1, petrification resistance
a: Renounce Religion


You were on level 11 of the Dungeon.
You worshipped Vehumet.
Vehumet was most pleased with you.
You visited 2 branches of the dungeon, and saw 12 of its levels.
You also visited: Ossuary.

You collected 454 gold pieces.
You spent 273 gold pieces at shops.

Inventory:

Hand Weapons
 j - a +9 quarterstaff
 y - the +5 war axe of the Endless March {vorpal, +Blink Fly Str+3 Dex-5}
   (You found it on level 5 of the Dungeon)

   It inflicts extra damage upon your enemies.
   Str:       It affects your strength (+3).
   Dex:       It affects your dexterity (-5).
   Fly:       It grants you flight.
   +Blink:    It lets you blink.
Missiles
 e - 172 stones
 D - 2 throwing nets
Armour
 b - a +0 robe
 i - a +1 pair of gloves of dexterity (worn)
 n - a +1 cloak (worn)
 x - the +2 robe of the Nexus (worn) {Int+2 Stlth+ Archmagi}
   (You bought it in a shop on level 5 of the Dungeon)

   Int:       It affects your intelligence (+2).
   Archmagi:  It increases the power of your magical spells.
   Stlth:     It makes you more stealthy.
 E - a +0 buckler (worn)
 K - +0 steam dragon scales
Magical Staves
 L - a staff of conjuration (weapon)
Jewellery
 a - an amulet of faith (around neck)
 z - a ring of protection from cold (left hand)
 F - a ring of flight
 M - a ring of the Octopus King {MP+9 AC+1 EV+1 Str+1 Int+1 Dex+1}
   (You took it off an orc warrior on level 10 of the Dungeon)

   [ring of magical power]

   AC:        It affects your AC (+1).
   EV:        It affects your evasion (+1).
   Str:       It affects your strength (+1).
   Int:       It affects your intelligence (+1).
   Dex:       It affects your dexterity (+1).
   MP:        It affects your magic capacity (+9).
 N - the ring of the Middle {rF+ rN++}
   (You took it off a kobold brigand on level 10 of the Dungeon)

   [ring of protection from fire]

   rF:        It protects you from fire.
   rN:        It greatly protects you from negative energy.
Wands
 c - a wand of acid (18)
 q - a wand of digging (9)
 A - a wand of charming (7)
 C - a wand of flame (34)
Scrolls
 h - 4 scrolls of fear
 l - 3 scrolls of teleportation
 r - 2 scrolls of blinking
 s - 2 scrolls of enchant weapon
 H - a scroll of magic mapping
 I - a scroll of silence
Potions
 d - 5 potions of heal wounds
 f - 3 potions of lignification
 g - 3 potions of curing
 k - a potion of berserk rage
 m - 3 potions of haste
 o - 3 potions of mutation
 p - 5 potions of flight
 t - a potion of brilliance
 u - 2 potions of cancellation
 v - a potion of might {unknown}
 w - 2 potions of attraction {unknown}
 B - 2 potions of resistance {unknown}
 G - a potion of magic {unknown}
Miscellaneous
 J - a phial of floods


   Skills:
 + Level 2.2 Fighting
 + Level 2.0 Axes
 + Level 3.8 Staves
 - Level 1.6 Dodging
 + Level 4.3 Stealth
 + Level 0.2 Shields
 + Level 0.5 Unarmed Combat
 + Level 9.7 Spellcasting
 * Level 11.6 Conjurations
 + Level 0.8 Transmutations
 + Level 12.8 Earth Magic


You had 23 spell levels left.
You knew the following spells:

 Your Spells              Type           Power      Damage    Failure   Level
a - Sandblast             Erth           100%       2d20      1%          1
b - Stone Arrow           Conj/Erth      100%       3d13      1%          3
c - Frozen Ramparts       Ice            32%        1d5       8%          3

Your spell library contained the following spells:

 Spells                   Type           Power      Damage    Failure   Level
 Scorch                   Fire           32%        2d6       4%          2
 Passwall                 Tmut/Erth      49%        N/A       1%          2
 Static Discharge         Conj/Air       71%        N/A       1%          2
 Mephitic Cloud           Conj/Pois/Air  60%        N/A       1%          3
 Petrify                  Tmut/Erth      59%        N/A       5%          4
 Ensorcelled Hibernation  Hex/Ice        32%        N/A       14%         2
 Spider Form              Tmut/Pois      19%        N/A       24%         3
 Tukima's Dance           Hex            16%        N/A       28%         3
 Conjure Ball Lightning   Conj/Air       35%        3x3d11    32%         6
 Ice Form                 Ice/Tmut       19%        N/A       61%         4
 Summon Ice Beast         Ice/Summ       16%        N/A       67%         4


Dungeon Overview and Level Annotations

Branches:
Dungeon (11/15)            Temple (1/1) D:5            Lair (0/6) D:11
    Orc (0/2) D:9         Ossuary (visited)

Altars:
Ashenzari
Cheibriados
Dithmenos
Elyvilon
Fedhas
Gozag
Hepliaklqana
Kikubaaqudgha
Makhleb
Nemelex Xobeh
Okawaru
Qazlal
Ru
Sif Muna
Trog
Uskayaw
Vehumet
Wu Jian
Xom
Yredelemnul
Zin
The Shining One

Shops:
D:1 [   D:5 [   D:10 *


Innate Abilities, Weirdness & Mutations

You are immune to sickness and miasma.
Your stone body is resilient. (AC +8)
You are immune to poison.
You resist negative energy. (rN+)
You are resistant to electric shocks. (rElec)
You are resistant to unholy torment.
You are immune to petrification.


Message History

Aiming: Stone Arrow (safe; 1% risk of failure)
Press: ? - help, Shift-Dir - straight line, f/p - very large slime creature
Aim: a very large slime creature (moderately wounded, 95% to hit)
You feel a strong surge of power!
The stone arrow hits the slime creature!
You kill the slime creature!
Vehumet accepts your kill.
You feel your power returning.
A slime creature comes into view.
Unknown command.
Casting: Stone Arrow (safe; 1% risk of failure)
Confirm with . or Enter, or press ? or * to list all spells.
Aiming: Stone Arrow (safe; 1% risk of failure)
Press: ? - help, Shift-Dir - straight line, f/p - very large slime creature
Aim: a very large slime creature (moderately wounded, 95% to hit)
You feel a strong surge of power!
The stone arrow hits the very large slime creature!!
The very large slime creature is moderately wounded.
A very large slime creature splits.
Unknown command.
Casting: Stone Arrow (safe; 1% risk of failure)
Confirm with . or Enter, or press ? or * to list all spells.
Aiming: Sandblast (safe; 1% risk of failure)
Press: ? - help, Shift-Dir - straight line, f/p - large slime creature
Aim: a large slime creature (moderately wounded, 96% to hit)
You feel a surge of power!
The blast of sand hits the large slime creature!!
The large slime creature is severely wounded.
The large slime creature hits you!! The slime creature hits you!
Unknown command.
Casting: Sandblast (safe; 1% risk of failure)
Confirm with . or Enter, or press ? or * to list all spells.
Aiming: Sandblast (safe; 1% risk of failure)
Press: ? - help, Shift-Dir - straight line, f/p - large slime creature
Aim: a large slime creature (heavily wounded, 96% to hit)
You feel a surge of power!
The blast of sand hits the large slime creature!
The large slime creature is severely wounded.
The large slime creature hits you!!
You die...

#### #### #....
...... #. ..###...
. .#...≈... .
#..#...# .#
#.##...##.#
#....PP...#
#####≈.).>)..≈#
#...#...PP@J..#
#...#.##PPJ##.# .
#...#..#..J# # ...
#....#...≈.K.
#..####....###.K.
#....<............
#................?
#................
#....######.....


You could see a large slime creature, 2 slime creatures and a kobold brigand.

Vanquished Creatures
  An ettin (D:10)
  4 two-headed ogres (D:10)
  Pikel (D:6)
  An ugly thing (D:10)
  A komodo dragon (D:8)
  Prince Ribbit (D:7)
  2 hornets
  A slime creature (D:11)
  Sigmund (D:2)
  3 wraiths
  A wyvern (D:8)
  17 yaks
  3 steam dragons
  3 water moccasins
  An acid dragon (D:11)
  4 orc warriors
  2 sky beasts
  A black bear (D:6)
  3 ogres
  2 ice beasts (D:6)
  6 centaurs
  3 lemures (D:6)
  4 kobold brigands
  2 gnoll sergeants
  2 water moccasin zombies
  5 killer bees (D:10)
  12 wights
  4 howler monkeys
  3 electric eels
  A bullfrog zombie (D:5)
  5 centaur zombies
  3 hounds
  A jelly (D:3)
  5 orc priests
  Crazy Yiuf (D:2)
  3 bullfrog skeletons
  Jessica (D:2)
  A centaur skeleton (D:5)
  3 iguanas
  8 orc wizards
  A hound zombie (D:4)
  A hound skeleton (D:4)
  A howler monkey zombie (D:8)
  13 gnolls
  6 adders
  A howler monkey skeleton (D:7)
  3 shadow imps
  2 white imps
  An ufetubus (D:5)
  2 adder zombies (Ossuary)
  3 worms
  A dart slug (D:3)
  25 orcs
  5 ball pythons
  3 bats
  6 endoplasms
  7 giant cockroaches
  5 goblins
  13 hobgoblins
  4 quokkas
  A ball python skeleton (Ossuary)
  8 frilled lizards
  17 kobolds
  3 kobold zombies (Ossuary)
  2 orc skeletons (Ossuary)
  10 rats
270 creatures vanquished.

Vanquished Creatures (others)
  11 plants
11 creatures vanquished.

Grand Total: 281 creatures vanquished

Notes
Turn   | Place    | Note
-------+----------+-------------------------------------------
     0 | D:1      | ders the Gargoyle Earth Elementalist began the quest for
                  | the Orb.
     0 | D:1      | Reached XP level 1. HP: 10/10 MP: 3/3
   357 | D:1      | Reached XP level 2. HP: 15/15 MP: 1/5
   727 | D:1      | Reached skill level 1 in Conjurations
   915 | D:1      | Reached skill level 4 in Earth Magic
  1049 | D:1      | Reached XP level 3. HP: 19/19 MP: 4/6
  1053 | D:1      | Learned a level 3 spell: Stone Arrow
  1073 | D:1      | Found Fimid's Antique Armour Shop.
  1166 | D:2      | Noticed Jessica
  1169 | D:2      | Killed Jessica
  1353 | D:2      | Reached XP level 4. HP: 24/24 MP: 6/8
  1455 | D:2      | Noticed Sigmund
  2137 | D:3      | Reached XP level 5. HP: 24/28 MP: 9/9
  2245 | D:3      | Reached skill level 5 in Earth Magic
  2931 | D:3      | Reached skill level 1 in Staves
  2931 | D:3      | Reached XP level 6. HP: 26/33 MP: 6/11
  3230 | D:2      | Killed Sigmund
  3231 | D:2      | Reached skill level 1 in Fighting
  3231 | D:2      | Reached XP level 7. HP: 38/38 MP: 5/12
  3311 | D:2      | Found a runed translucent door.
  3312 | D:2      | Noticed Crazy Yiuf
  3318 | D:2      | Paralysed by Crazy Yiuf for 3 turns
  3324 | D:2      | Killed Crazy Yiuf
  3780 | D:2      | Found a faded altar of an unknown god.
  4910 | D:4      | Reached skill level 6 in Earth Magic
  5222 | D:5      | Entered Level 5 of the Dungeon
  5237 | D:5      | Reached XP level 8. HP: 43/43 MP: 7/15
  5340 | D:5      | Found a sand-covered staircase.
  5349 | Ossuary  | Entered an ossuary
  5510 | Ossuary  | Noticed a flying skull
  5510 | Ossuary  | Noticed a wraith
  5519 | Ossuary  | Noticed a flying skull
  5521 | Ossuary  | Noticed a flying skull
  5523 | Ossuary  | Noticed a flying skull
  5551 | Ossuary  | Noticed a flying skull
  5559 | Ossuary  | Noticed a wraith
  5564 | Ossuary  | Killed a wraith
  5565 | Ossuary  | Reached skill level 5 in Spellcasting
  5565 | Ossuary  | Reached skill level 5 in Conjurations
  5734 | Ossuary  | Reached skill level 7 in Earth Magic
  5825 | Ossuary  | Noticed a wraith
  5830 | Ossuary  | Killed a wraith
  6558 | D:5      | Found Nogarac's Antique Armour Emporium.
  6564 | D:5      | Bought a distressingly furry robe for 153 gold pieces
  6564 | D:5      | Identified the +2 robe of the Nexus {Int+2 Stlth+ Archmagi}
                  | (You bought it in a shop on level 5 of the Dungeon)
  6888 | D:5      | Identified the +5 war axe of the Endless March {vorpal,
                  | +Blink Fly Str+3 Dex-5}
  6926 | D:4      | Reached XP level 9. HP: 46/48 MP: 7/17
  7559 | D:5      | Found a staircase to the Ecumenical Temple.
  7649 | Temple   | Entered the Ecumenical Temple
  8054 | Temple   | Became a worshipper of Vehumet
  8400 | D:6      | Reached skill level 8 in Earth Magic
  9474 | D:6      | Found a broken altar of Ashenzari.
  9628 | D:7      | Noticed Pikel
  9787 | D:6      | Killed Pikel
  9788 | D:6      | Reached skill level 1 in Axes
  9788 | D:6      | Reached skill level 9 in Earth Magic
  9788 | D:6      | Reached XP level 10. HP: 35/53 MP: 7/20
 10147 | D:7      | Noticed Prince Ribbit
 10150 | D:7      | Killed Prince Ribbit
 10247 | D:7      | Found a sacrificial altar of Ru.
 10512 | D:6      | Reached * piety under Vehumet
 10512 | D:6      | Offered knowledge of Foxfire by Vehumet.
 11021 | D:7      | Learned a level 3 spell: Frozen Ramparts
 11883 | D:8      | Reached skill level 10 in Earth Magic
 13169 | D:9      | Found a staircase to the Orcish Mines.
 13230 | D:9      | Reached XP level 11. HP: 57/57 MP: 16/23
 13320 | D:9      | Reached skill level 11 in Earth Magic
 13385 | D:9      | Offered knowledge of Freeze by Vehumet.
 13616 | D:9      | Reached ** piety under Vehumet
 14290 | D:10     | Entered Level 10 of the Dungeon
 14357 | D:10     | Reached skill level 10 in Conjurations
 14509 | D:10     | Noticed a two-headed ogre
 14515 | D:10     | Killed a two-headed ogre
 14515 | D:10     | Offered knowledge of Scorch by Vehumet.
 14746 | D:10     | Reached skill level 12 in Earth Magic
 14893 | D:10     | Noticed an ettin
 14908 | D:10     | Reached *** piety under Vehumet
 14985 | D:10     | Found Archey's General Store.
 15004 | D:10     | Bought a potion of heal wounds for 60 gold pieces
 15004 | D:10     | Bought a potion of heal wounds for 60 gold pieces
 15097 | D:10     | Noticed a two-headed ogre
 15105 | D:10     | Killed a two-headed ogre
 15242 | D:10     | Noticed a two-headed ogre
 15247 | D:10     | Killed a two-headed ogre
 15260 | D:10     | Killed an ettin
 15392 | D:10     | Got Raiffy's Almanac of Conjuration
 15398 | D:10     | Identified the +5 morningstar of the Hungering Spider
                  | {vorpal, +Blink Will- Str+5 Int+2}
 15432 | D:10     | Noticed a red ugly thing
 15433 | D:10     | Found the ring of the Octopus King {MP+9 AC+1 EV+1 Str+1
                  | Int+1 Dex+1}
 15454 | D:10     | Killed a red ugly thing
 15666 | D:10     | Identified the ring of the Middle {rF+ rN++}
 15780 | D:10     | Noticed a two-headed ogre
 15787 | D:10     | Killed a two-headed ogre
 15788 | D:10     | Reached XP level 12. HP: 36/62 MP: 13/25
 16150 | D:11     | Found a staircase to the Lair.
 16188 | D:11     | Slain by a large slime creature

Illustrated notes

Levels and vault maps discovered:
D:1:      grunt_arrival_lava_bath, layout_basic, serial_shops, shop
D:2:      layout_basic, dreamdust_ecumenical_altar_hidden_monk_grotto,
          uniq_sigmund, uniq_crazy_yiuf_cottage, uniq_jessica
D:3:      minmay_octagon_keep, layout_basic
D:4:      layout_basic, minmay_small_thing
D:5:      layout_layer_cave, minmay_temple_entry_enclosed_plants,
          nicolae_ossuary_entry_monument, serial_shops, shop,
          cheibrodos_sewer_entry_sluice
D:6:      layout_basic, mainiacjoe_overflow_boulevard, hangedman_decor_lopped,
          corexii_leaking_fountain, kennysheep_potato
D:7:      kennysheep_six_static_rooms, layout_rooms, nicolae_ru_awakened_eye,
          uniq_pikel, uniq_prince_ribbit1
D:8:      layout_basic, minmay_lizard_king
D:9:      layout_stronghold, orc_0_dummy
D:10:     minmay_the_grid_four_pointed_star_mashed
          [minmay_the_grid_triangle_9x9_limited_checkers,
          minmay_the_grid_triangle_9x9_skeleton,
          minmay_the_grid_triangle_9x9_windchime,
          minmay_the_grid_triangle_9x9_flanged_cone,
          minmay_the_grid_prize_diamond_cup], layout_cross, serial_shops,
          nicolae_inconvenience_store, hangedman_decor_peaks_small,
          grunt_decor_mini_mirrors
D:11:     layout_irregular_city, dpeg_oklobed_lair, st_stairs_4, uniq_erica
Temple:   mainiacjoe_temple_big_plus

Skill      XL: |  1  2  3  4  5  6  7  8  9 10 11 |
---------------+----------------------------------+-----
Conjurations   | 1 2 3 4 5 8 9 11 | 11.6
Earth Magic    | 4 5 6 7 9 10 12 | 12.8
Spellcasting   | 3 4 5 7 8 9 |  9.7
Staves         | 1 2 3 |  3.8
Fighting       | 1 2 |  2.2
Stealth        | 3 4 |  4.3
Axes           | 1 2 |  2.0
Dodging        | |  1.6
Shields        | |  0.2
Unarmed Combat | |  0.5
Transmutations | |  0.8

Action                   |  1- 3 |  4- 6 |  7- 9 | 10-12 || total
-------------------------+-------+-------+-------+-------++-------
Melee: Unarmed           |       |    21 |       |       ||    21
       Quarterstaff      |       |    45 |    17 |       ||    62
       Whip              |       |     6 |       |       ||     6
       War axe           |       |       |    11 |     4 ||    15
       Staff             |       |       |       |    15 ||    15
 Cast: Sandblast         |    39 |    42 |    40 |    77 ||   198
       Stone Arrow       |     1 |     9 |   108 |   168 ||   286
  Use: Scroll            |       |     3 |    10 |    12 ||    25
 Stab: Sleeping          |       |     1 |       |       ||     1
Armor: Robe              |     5 |    50 |    51 |    65 ||   171
Dodge: Dodged            |    10 |    71 |    70 |    67 ||   218
Block: Buckler           |       |       |       |    12 ||    12

Table legend: (Time is in decaauts)
 A = Elapsed time spent in this place.
 B = Non-inter-level travel time spent in this place.
 C = Inter-level travel time spent in this place.
 D = Time resting spent in this place.
 E = Time spent auto-exploring this place.
 F = Levels seen in this place.
 G = Mean time per level.
                   A        B        C        D        E       F      G
               +--------+--------+--------+--------+--------+-----+--------+
         Total |  16229 |  15536 |    693 |   6736 |   6595 |  13 | 1248.4 |
       Dungeon |  15062 |  14420 |    642 |   6262 |   6106 |  11 | 1369.3 |
        Temple |    443 |    392 |     51 |      0 |    386 |   1 |  443.0 |
       Ossuary |    723 |    723 |      0 |    474 |    103 |   1 |  723.0 |
               +--------+--------+--------+--------+--------+-----+--------+

Top non-repeatable levels by time:
     D:6: 2196 daAuts
    D:10: 1842 daAuts
     D:3: 1675 daAuts
     D:5: 1649 daAuts
     D:8: 1525 daAuts
     D:4: 1380 daAuts
     D:9: 1337 daAuts
     D:2: 1174 daAuts
     D:7: 1129 daAuts
     D:1: 1094 daAuts
 Ossuary: 723 daAuts
  Temple: 443 daAuts
    D:11: 55 daAuts
